 Dungeon Crawl Stone Soup version 0.22.0-38-g04b72b8 (webtiles) character file.

642 Zookeeper the Destroyer (level 7, -1/37 HPs)
             Began as a Deep Elf Conjurer on Aug 30, 2018.
             Slain by a sky beast (6 damage)
             ... on level 4 of the Dungeon.
             The game lasted 00:23:27 (4994 turns).

Zookeeper the Destroyer (Deep Elf Conjurer)         Turns: 4994, Time: 00:23:28

Health: -1/37      AC:  3    Str:  5    XL:     7   Next: 26%
Magic:  12/18      EV: 13    Int: 22    God:
Gold:   188        SH:  0    Dex: 15    Spells: 9/19 levels left

rFire    . . .     SeeInvis .   (no weapon)
rCold    . . .     Gourm    .   (no shield)
rNeg     . . .     Faith    .   a - +0 robe
rPois    .         Spirit   .   (no helmet)
rElec    .         Reflect  .   i - +0 cloak
rCorr    .         Harm     .   (no gloves)
MR       .....                  (no boots)
Stlth    ++........             (no amulet)
HPRegen  0.12/turn              j - +1 ring of slaying
MPRegen  0.16/turn              k - +2 ring of slaying

@: no status effects
A: no striking features
a: no special abilities


You were on level 4 of the Dungeon.
You were hungry.

You visited 1 branch of the dungeon, and saw 5 of its levels.

You collected 188 gold pieces.

Inventory:

Armour
 a - a +0 robe (worn)
 i - a +0 cloak (worn)
Jewellery
 j - a +1 ring of slaying (left hand)
 k - a +2 ring of slaying (right hand)
Scrolls
 e - a scroll of magic mapping {unknown}
 f - 5 scrolls of remove curse
 g - a scroll of holy word {unknown}
 h - a scroll of enchant weapon {unknown}
 o - a scroll of enchant armour {unknown}
Potions
 d - a potion of resistance
 m - a potion of lignification
 n - a potion of agility
Comestibles
 c - 6 rations


   Skills:
 + Level 0.5 Fighting
 - Level 2.4 Dodging
 - Level 2.4 Stealth
 + Level 6.5 Spellcasting
 * Level 8.3 Conjurations


You had 9 spell levels left.
You knew the following spells:

 Your Spells              Type           Power        Failure   Level  Hunger
a - Magic Dart            Conj           ####         1%          1    None
b - Searing Ray           Conj           #####.       1%          2    None
c - Dazzling Spray        Conj/Hex       ####..       4%          3    #......
d - Iskenderun's Mystic   Conj           #####...     2%          4    ###....

Your spell library contained the following spells:

 Spells                   Type           Power        Failure   Level  Hunger
 Force Lance              Conj/Tloc      ####....     16%         4    ###....
 Fulminant Prism          Conj/Hex       ####......   16%         4    ###....


Dungeon Overview and Level Annotations

Branches:
Dungeon (5/15)
 Temple: D:4-7

Altars:
Dithmenos
Fedhas
Okawaru
Qazlal
Vehumet
Xom
Yredelemnul

Annotations:
D:2 1 runed door
D:3 exclusion: oklob plant
D:5 2 transporters


Message History

* * * LOW HITPOINT WARNING * * *
Something hits you but does no damage.
You climb upwards.
There is a stone staircase leading down here.
A sky beast appears from thin air!
Reactivating autopickup.
You feel better. The sky beast closely misses you.
Casting: Searing Ray (safe; 1% risk of failure)
Confirm with . or Enter, or press ? or * to list all spells.
Aiming: Searing Ray (safe; 1% risk of failure)
Press: ? - help, Shift-Dir - straight line, f - sky beast
Aim: a sky beast (heavily wounded)
The searing ray misses the sky beast. (Press . to maintain the ray.)
The sky beast hits you. The sky beast shocks you.
* * * LOW HITPOINT WARNING * * *
The searing ray misses the sky beast.
The sky beast hits you.
* * * LOW HITPOINT WARNING * * *
The sky beast shocks you.
You die...

######## #.##### ######
#......####### #####.#
#....#
#.####.##....###.....#
#.##.#
#.###..............###
#.##.###.##.##...#.####.#.#
#.##.....<..##>..#.# #.#.#
#...........##..##.# #.#.#
...#####.##...>....####.#.#
#.## #.....≈.Y@.......#.#
#.#########..############.#
#.........#..# #.#
#########.#..# #.#######
#....# #.(......
##...#####################
##................# ######
####..#...##########.#
#..... #....###..# #.#
#.####


You could see a sky beast.

Vanquished Creatures
  2 sky beasts (D:5)
  5 crimson imps
  2 orc priests
  An iguana (D:5)
  Terence (D:2)
  A killer bee zombie (D:5)
  5 adders
  A shadow imp (D:5)
  3 worms
  A dart slug (D:1)
  4 leopard geckos (D:5)
  5 orcs
  4 giant cockroaches (D:2)
  8 goblins
  10 hobgoblins
  2 jackals (D:3)
  A quokka (D:5)
  2 ball pythons
  8 bats
  9 frilled lizards
  20 kobolds
  7 rats
102 creatures vanquished.

Notes
Turn   | Place    | Note
-------+----------+-------------------------------------------
     0 | D:1      | Zookeeper the Deep Elf Conjurer began the quest for the Orb.
     0 | D:1      | Reached XP level 1. HP: 10/10 MP: 6/6
   156 | D:1      | Reached XP level 2. HP: 15/15 MP: 6/8
   160 | D:1      | Learned a level 2 spell: Searing Ray
   360 | D:1      | Reached skill level 5 in Conjurations
   913 | D:2      | Reached XP level 3. HP: 19/19 MP: 8/10
   918 | D:2      | Learned a level 3 spell: Dazzling Spray
  1138 | D:2      | Found a stormy altar of Qazlal.
  1291 | D:2      | Noticed Terence
  1300 | D:2      | Killed Terence
  1300 | D:2      | Reached XP level 4. HP: 16/24 MP: 2/12
  1452 | D:2      | Found an iron altar of Okawaru.
  1630 | D:2      | Found a runed door.
  1789 | D:2      | Found a faded altar of an unknown god.
  1833 | D:2      | Reached skill level 6 in Conjurations
  1845 | D:2      | Learned a level 4 spell: Iskenderun's Mystic Blast
  2116 | D:3      | Found a blossoming altar of Fedhas.
  2139 | D:3      | Noticed an oklob plant
  2283 | D:3      | Reached XP level 5. HP: 18/28 MP: 1/13
  2703 | D:3      | Noticed an ogre
  2947 | D:3      | Found a basalt altar of Yredelemnul.
  3225 | D:4      | Found a shadowy altar of Dithmenos.
  3584 | D:4      | Found a shimmering altar of Xom.
  3601 | D:4      | Reached skill level 5 in Spellcasting
  3603 | D:4      | Reached skill level 7 in Conjurations
  3684 | D:4      | Reached XP level 6. HP: 32/32 MP: 11/16
  3831 | D:5      | Entered Level 5 of the Dungeon
  3866 | D:5      | Noticed a sky beast
  4595 | D:5      | Found a radiant altar of Vehumet.
  4596 | D:5      | Noticed a sky beast
  4603 | D:5      | Noticed a sky beast
  4605 | D:5      | Found a transporter.
  4617 | D:5      | Killed a sky beast
  4617 | D:5      | Reached skill level 8 in Conjurations
  4617 | D:5      | Reached XP level 7. HP: 36/36 MP: 4/18
  4959 | D:5      | Found a transporter.
  4994 | D:4      | Slain by a sky beast

Skill      XL: |  1  2  3  4  5  6 |
---------------+-------------------+-----
Conjurations   | 5 6 7 8 |  8.3
Spellcasting   | 4 5 6 |  6.5
Fighting       | |  0.5
Dodging        | |  2.4
Stealth        | |  2.4

Action                   |  1- 3 |  4- 6 |  7- 9 || total
-------------------------+-------+-------+-------++-------
 Cast: Magic Dart        |    67 |   154 |     1 ||   222
       Searing Ray       |     1 |     5 |     4 ||    10
       Iskenderun's Myst |       |     5 |       ||     5
  Use: Scroll            |       |     9 |       ||     9
       Potion            |       |       |     1 ||     1
  Eat: Chunk             |       |    11 |     1 ||    12
Armor: Robe              |       |     1 |     2 ||     3
Dodge: Dodged            |     3 |    12 |     3 ||    18
